TOP OF THE 1ST |
Northwest Arkansas Naturals batting - Pitching for Erie SeaWolves : LHP Matt Granados
|
Pitching: LHP Matt Granados
|
|
Batting: RHB Gavin Jones
|
0-0: Called Strike 0-1: Ball 1-1: Ball 2-1: Foul Ball, location: 2F 2-2: Strikes out swinging
|
Batting: RHB Doug Carter
|
0-0: Ball 1-0: Called Strike 1-1: Fly out, F9 (Flyball, 9LM, EV 86.9 MPH)
|
Batting: RHB Walt Cogswell
|
0-0: Ball 1-0: Foul Ball, location: 2F 1-1: Ball 2-1: Called Strike 2-2: Strikes out swinging
|
Top of the 1st over - 0 runs, 0 hits, 0 errors, 0 left on base; Northwest Arkansas 0 - Erie 0 |
BOTTOM OF THE 1ST |
Erie SeaWolves batting - Pitching for Northwest Arkansas Naturals : RHP Marvin Velasco
|
Pitching: RHP Marvin Velasco
|
|
Batting: LHB Adam Lancaster
|
0-0: Ball 1-0: Foul Ball, location: 2F 1-1: Foul Ball, location: 2F 1-2: Fly out, F6 (Popup, P, EV 83.8 MPH)
|
Batting: LHB Takuya Uchida
|
0-0: Ball 1-0: Fly out, F7 (Line Drive, 7, EV 93.1 MPH)
|
Batting: LHB Freddy Troncoso
|
0-0: Ground out U3 (Groundball, 3L, EV 84.4 MPH)
|
Bottom of the 1st over - 0 runs, 0 hits, 0 errors, 0 left on base; Northwest Arkansas 0 - Erie 0 |
TOP OF THE 2ND |
Northwest Arkansas Naturals batting - Pitching for Erie SeaWolves : LHP Matt Granados
|
Batting: RHB Jaden Warrior
|
0-0: Ball 1-0: Fly out, F9 (Flyball, 9S, EV 89.4 MPH)
|
Batting: SHB Jarrod Lindblad
|
0-0: Ball 1-0: Ball 2-0: Ground out 6-3 (Groundball, 6, EV 101.9 MPH)
|
Batting: RHB Tomas Raya
|
0-0: Ball 1-0: Fly out, F8 (Flyball, 78S, EV 85.0 MPH)
|
Top of the 2nd over - 0 runs, 0 hits, 0 errors, 0 left on base; Northwest Arkansas 0 - Erie 0 |
BOTTOM OF THE 2ND |
Erie SeaWolves batting - Pitching for Northwest Arkansas Naturals : RHP Marvin Velasco
|
Batting: LHB Luis Dominguez
|
0-0: Ball 1-0: Called Strike 1-1: Ball 2-1: Ball 3-1: Base on Balls
|
Batting: RHB Jon Pierce
|
0-0: Called Strike 0-1: Ball 1-1: Ball Luis Dominguez steals 2nd, throwing error, E2 Luis Dominguez to third 2-1: Ball 3-1: DOUBLE (Line Drive, 7LM, EV 101.2 MPH) Luis Dominguez scores
|
Batting: RHB Yaremka Rzhevsky
|
0-0: Ball 1-0: Ball 2-0: Ball 3-0: Called Strike 3-1: Ground out U3 (Groundball, 3D, EV 102.5 MPH) Jon Pierce to third
|
Batting: RHB Miguel Nunez
|
0-0: Called Strike 0-1: Ball 1-1: DOUBLE (Line Drive, 89D, EV 113.1 MPH) Jon Pierce scores
|
Batting: RHB Ken DiFerdinando
|
0-0: Called Strike 0-1: Swinging Strike 0-2: Strikes out swinging
|
Batting: SHB Mike Kirk
|
0-0: Ball 1-0: Foul Ball, location: 2F 1-1: Ball 2-1: Called Strike 2-2: Strikes out swinging
|
Bottom of the 2nd over - 2 runs, 2 hits, 1 error, 1 left on base; Northwest Arkansas 0 - Erie 2 |
TOP OF THE 3RD |
Northwest Arkansas Naturals batting - Pitching for Erie SeaWolves : LHP Matt Granados
|
Batting: RHB Ben Garrett
|
0-0: Ball 1-0: Ball 2-0: Ground out 1-3 (Groundball, 13S, EV 66.2 MPH)
|
Batting: RHB Grant Conlon
|
0-0: Called Strike 0-1: SOLO HOME RUN (Flyball, 7D, EV 101.9 MPH), Distance : 379 ft
|
Batting: RHB Kunimatsu Oya
|
0-0: Called Strike 0-1: Ball 1-1: Swinging Strike 1-2: Strikes out swinging
|
Batting: RHB Gavin Jones
|
0-0: Called Strike 0-1: Fly out, F9 (Flyball, 89S, EV 83.8 MPH)
|
Top of the 3rd over - 1 run, 1 hit, 0 errors, 0 left on base; Northwest Arkansas 1 - Erie 2 |
BOTTOM OF THE 3RD |
Erie SeaWolves batting - Pitching for Northwest Arkansas Naturals : RHP Marvin Velasco
|
Batting: LHB Adam Lancaster
|
0-0: Called Strike 0-1: Ball 1-1: Ball 2-1: Ground out 4-3 (Groundball, 34, EV 92.5 MPH)
|
Batting: LHB Takuya Uchida
|
0-0: Ball 1-0: Ball 2-0: Swinging Strike 2-1: Ball 3-1: Foul Ball, location: 2F 3-2: Base on Balls
|
Batting: LHB Freddy Troncoso
|
0-0: Ball 1-0: Ball 2-0: Ball 3-0: Called Strike 3-1: Foul Ball, location: 2F 3-2: Foul Ball, location: 2F 3-2: Strikes out swinging
|
Batting: LHB Luis Dominguez
|
0-0: Ball 1-0: Swinging Strike 1-1: Fly out, F1 (Popup, 15, EV 76.2 MPH)
|
Bottom of the 3rd over - 0 runs, 0 hits, 0 errors, 1 left on base; Northwest Arkansas 1 - Erie 2 |
TOP OF THE 4TH |
Northwest Arkansas Naturals batting - Pitching for Erie SeaWolves : LHP Matt Granados
|
Batting: RHB Doug Carter
|
0-0: Ball 1-0: Foul Ball, location: 2F 1-1: Ball 2-1: Ground out 1-3 (Groundball, 13S, EV 65.0 MPH)
|
Batting: RHB Walt Cogswell
|
0-0: Fly out, F8 (Flyball, 78M, EV 93.1 MPH)
|
Batting: RHB Jaden Warrior
|
0-0: Foul Ball, location: 2F 0-1: Ground out 4-3 (Groundball, 4, EV 90.0 MPH)
|
Top of the 4th over - 0 runs, 0 hits, 0 errors, 0 left on base; Northwest Arkansas 1 - Erie 2 |
BOTTOM OF THE 4TH |
Erie SeaWolves batting - Pitching for Northwest Arkansas Naturals : RHP Marvin Velasco
|
Batting: RHB Jon Pierce
|
0-0: Called Strike 0-1: Ball 1-1: SINGLE (Groundball, 56D, EV 95.0 MPH)
|
Batting: RHB Yaremka Rzhevsky
|
0-0: Swinging Strike 0-1: SINGLE (Line Drive, 9S, EV 103.8 MPH) Jon Pierce to second
|
Batting: RHB Miguel Nunez
|
0-0: Swinging Strike 0-1: Called Strike 0-2: Fly out, F7 (Line Drive, 7, EV 89.4 MPH)
|
Batting: RHB Ken DiFerdinando
|
0-0: Ball 1-0: DOUBLE (Line Drive, 78D, EV 113.8 MPH) Jon Pierce scores Yaremka Rzhevsky to third Runner from 3rd tries for Home, SAFE, throw by LF to home
|
Batting: SHB Mike Kirk
|
0-0: Ball Ken DiFerdinando steals 3rd base 1-0: Foul Ball, location: 2F 1-1: Ground out 6-3 (Groundball, 6, EV 80.6 MPH) Ken DiFerdinando scores
|
Batting: LHB Adam Lancaster
|
0-0: Ball 1-0: Called Strike 1-1: Ball 2-1: Ball 3-1: Base on Balls
|
Batting: LHB Takuya Uchida
|
0-0: Ball 1-0: Ball 2-0: Foul Ball, location: 2F 2-1: SINGLE (Groundball, 56D, EV 99.4 MPH) Adam Lancaster to second
|
Batting: LHB Freddy Troncoso
|
0-0: Fly out, F8 (Flyball, 8RD, EV 95.6 MPH)
|
Bottom of the 4th over - 3 runs, 4 hits, 0 errors, 2 left on base; Northwest Arkansas 1 - Erie 5 |
TOP OF THE 5TH |
Northwest Arkansas Naturals batting - Pitching for Erie SeaWolves : LHP Matt Granados
|
Batting: SHB Jarrod Lindblad
|
0-0: Reached on error, E4 (Popup, 13, EV 86.2 MPH)
|
Batting: RHB Tomas Raya
|
0-0: Ball Jarrod Lindblad is caught stealing 2nd base 2-4 1-0: Foul Ball, location: 2F 1-1: Ball 2-1: Called Strike 2-2: Strikes out looking
|
Batting: RHB Ben Garrett
|
0-0: Called Strike 0-1: Foul Ball, location: 2F 0-2: Strikes out looking
|
Top of the 5th over - 0 runs, 0 hits, 1 error, 0 left on base; Northwest Arkansas 1 - Erie 5 |
BOTTOM OF THE 5TH |
Erie SeaWolves batting - Pitching for Northwest Arkansas Naturals : RHP Marvin Velasco
|
Batting: LHB Luis Dominguez
|
0-0: Reached on error, E5 (Groundball, 56, EV 82.5 MPH)
|
Batting: RHB Jon Pierce
|
0-0: Ball Luis Dominguez steals 3rd base (no throw) 1-0: Ball 2-0: Called Strike 2-1: SINGLE (Flyball, 7LM, EV 94.4 MPH) Luis Dominguez scores
|
Pitching: RHP Lionardo Rabelo
|
|
Batting: RHB Yaremka Rzhevsky
|
0-0: Ball 1-0: Ball 2-0: SINGLE (Groundball, 56S, EV 74.4 MPH) (infield hit) Jon Pierce to second
|
Batting: RHB Miguel Nunez
|
0-0: Foul Ball, location: 2F 0-1: SINGLE (Groundball, 6MD, EV 102.5 MPH) Jon Pierce to third Yaremka Rzhevsky to second
|
Batting: RHB Ken DiFerdinando
|
0-0: Called Strike 0-1: Ball 1-1: Ball 2-1: Ball 3-1: Foul Ball, location: 2F 3-2: Base on Balls Jon Pierce scores Yaremka Rzhevsky to third Miguel Nunez to second
|
Batting: SHB Mike Kirk
|
0-0: Ball 1-0: Ball 2-0: Ball 3-0: Called Strike 3-1: SINGLE (Groundball, 5D, EV 103.8 MPH) Yaremka Rzhevsky scores Miguel Nunez to third Ken DiFerdinando to second
|
Batting: LHB Adam Lancaster
|
0-0: Called Strike 0-1: SINGLE (Groundball, 56S, EV 65.0 MPH) (infield hit) Miguel Nunez scores Ken DiFerdinando to third Mike Kirk to second
|
Batting: LHB Takuya Uchida
|
0-0: Ball 1-0: Called Strike 1-1: Foul Ball, location: 2F 1-2: Ball 2-2: Foul Ball, location: 2F 2-2: Ball 3-2: Foul Ball, location: 2F 3-2: Hit by Pitch Ken DiFerdinando scores Mike Kirk to third Adam Lancaster to second
|
Batting: LHB Freddy Troncoso
|
0-0: Ball 1-0: Foul Ball, location: 2F 1-1: Fly out, F7 (Flyball, 78M, EV 91.9 MPH)
|
Batting: LHB Luis Dominguez
|
0-0: Grounds into double play, 1-2-3 (Groundball, 13S, EV 60.6 MPH)
|
Bottom of the 5th over - 5 runs, 5 hits, 1 error, 2 left on base; Northwest Arkansas 1 - Erie 10 |
TOP OF THE 6TH |
Northwest Arkansas Naturals batting - Pitching for Erie SeaWolves : LHP Matt Granados
|
Batting: RHB Grant Conlon
|
0-0: Ball 1-0: Called Strike 1-1: Ball 2-1: Swinging Strike 2-2: Ball 3-2: Foul Ball, location: 2F 3-2: SINGLE (Groundball, 56D, EV 103.1 MPH)
|
Batting: RHB Kunimatsu Oya
|
0-0: Called Strike 0-1: Called Strike 0-2: Grounds into double play, 6-4-3 (Groundball, 6, EV 106.2 MPH)
|
Batting: RHB Gavin Jones
|
0-0: Ball 1-0: Foul Ball, location: 2F 1-1: Ball 2-1: Fly out, F8 (Line Drive, 8RM, EV 94.4 MPH)
|
Top of the 6th over - 0 runs, 1 hit, 0 errors, 0 left on base; Northwest Arkansas 1 - Erie 10 |
BOTTOM OF THE 6TH |
Erie SeaWolves batting - Pitching for Northwest Arkansas Naturals : RHP Lionardo Rabelo
|
Pitching: LHP Dave Schmidt
|
|
Batting: RHB Jon Pierce
|
0-0: Called Strike 0-1: Swinging Strike 0-2: Ball 1-2: Strikes out swinging
|
Batting: RHB Yaremka Rzhevsky
|
0-0: Ground out 4-3 (Groundball, 4, EV 81.9 MPH)
|
Batting: RHB Miguel Nunez
|
0-0: Called Strike 0-1: Foul Ball, location: 2F 0-2: Ball 1-2: Foul Ball, location: 2F 1-2: Strikes out swinging
|
Bottom of the 6th over - 0 runs, 0 hits, 0 errors, 0 left on base; Northwest Arkansas 1 - Erie 10 |
TOP OF THE 7TH |
Northwest Arkansas Naturals batting - Pitching for Erie SeaWolves : LHP Matt Granados
|
Pinch Hitting: RHB Bryan Alfaro
|
0-0: Ball 1-0: Swinging Strike 1-1: Called Strike 1-2: Strikes out swinging
|
Pinch Hitting: LHB Danny Bailey
|
0-0: Called Strike 0-1: Called Strike 0-2: Foul Ball, location: 2F 0-2: Fly out, F9 (Flyball, 9, EV 93.8 MPH)
|
Pinch Hitting: RHB Egidius Kruger
|
0-0: Ball 1-0: Called Strike 1-1: Ball 2-1: SINGLE (Groundball, 56S, EV 65.6 MPH) (infield hit)
|
Batting: SHB Jarrod Lindblad
|
0-0: Ball 1-0: Foul Ball, location: 2F 1-1: Foul Ball, location: 2F 1-2: Ball 2-2: Fly out, F8 (Flyball, 8LS, EV 93.8 MPH)
|
Top of the 7th over - 0 runs, 1 hit, 0 errors, 1 left on base; Northwest Arkansas 1 - Erie 10 |
BOTTOM OF THE 7TH |
Erie SeaWolves batting - Pitching for Northwest Arkansas Naturals : LHP Dave Schmidt
|
Now at 2B: Egidius Kruger
|
|
Now in LF: Bryan Alfaro
|
|
Now in CF: Danny Bailey
|
|
Batting: RHB Ken DiFerdinando
|
0-0: Called Strike 0-1: Ball 1-1: Called Strike 1-2: Ball 2-2: Ground out 6-3 (Groundball, 56, EV 83.1 MPH)
|
Batting: SHB Mike Kirk
|
0-0: Ball 1-0: Ball 2-0: Foul Ball, location: 2F 2-1: Foul Ball, location: 2F 2-2: Strikes out swinging
|
Batting: LHB Adam Lancaster
|
0-0: Called Strike 0-1: Ball 1-1: Swinging Strike 1-2: Ball 2-2: Foul Ball, location: 2F 2-2: Ball 3-2: Foul Ball, location: 2F 3-2: Foul Ball, location: 2F 3-2: SOLO HOME RUN (Flyball, 9D, EV 104.4 MPH), Distance : 390 ft
|
Pinch Hitting: LHB Gabe Mendez
|
0-0: Ball 1-0: Ball 2-0: Ball 3-0: Called Strike 3-1: Base on Balls
|
Pitching: RHP Vinny Reveles
|
|
Pinch Hitting: LHB Oscar Gonzalez
|
0-0: Called Strike 0-1: Foul Ball, location: 2F 0-2: Ball 1-2: Foul Ball, location: 2F 1-2: Strikes out swinging
|
Bottom of the 7th over - 1 run, 1 hit, 0 errors, 1 left on base; Northwest Arkansas 1 - Erie 11 |
TOP OF THE 8TH |
Northwest Arkansas Naturals batting - Pitching for Erie SeaWolves : LHP Matt Granados
|
Now at 1B: Gabe Mendez
|
|
Now in RF: Oscar Gonzalez
|
|
Pinch Hitting: RHB Kevin McKinney
|
0-0: SINGLE (Line Drive, 78S, EV 101.2 MPH)
|
Batting: RHB Ben Garrett
|
0-0: Called Strike 0-1: Ball 1-1: Grounds into double play, 6-4-3 (Groundball, 6, EV 92.5 MPH)
|
Batting: RHB Grant Conlon
|
0-0: Ground out 4-3 (Groundball, 4, EV 85.0 MPH)
|
Top of the 8th over - 0 runs, 1 hit, 0 errors, 0 left on base; Northwest Arkansas 1 - Erie 11 |
BOTTOM OF THE 8TH |
Erie SeaWolves batting - Pitching for Northwest Arkansas Naturals : RHP Vinny Reveles
|
Now at 1B: Kevin McKinney
|
|
Batting: LHB Luis Dominguez
|
0-0: Swinging Strike 0-1: Ball 1-1: Fly out, F6 (Popup, 6, EV 62.5 MPH)
|
Batting: RHB Jon Pierce
|
0-0: Ball 1-0: Called Strike 1-1: Ball 2-1: Swinging Strike 2-2: Foul Ball, location: 2F 2-2: Strikes out swinging
|
Batting: RHB Yaremka Rzhevsky
|
0-0: Foul Ball, location: 2F 0-1: Fly out, F9 (Line Drive, 9, EV 105.0 MPH)
|
Bottom of the 8th over - 0 runs, 0 hits, 0 errors, 0 left on base; Northwest Arkansas 1 - Erie 11 |
TOP OF THE 9TH |
Northwest Arkansas Naturals batting - Pitching for Erie SeaWolves : LHP Matt Granados
|
Batting: RHB Kunimatsu Oya
|
0-0: Ball 1-0: Ball 2-0: Ball 3-0: Base on Balls
|
Batting: RHB Gavin Jones
|
0-0: Called Strike 0-1: Foul Ball, location: 2F 0-2: Ball 1-2: Fielders Choice at 2nd, 3-6 (Groundball, 34S, EV 79.4 MPH)
|
Pitching: LHP Jim Daum
|
|
Batting: RHB Bryan Alfaro
|
0-0: Fielders Choice at 2nd, 4-6 (Groundball, 13, EV 85.6 MPH)
|
Batting: LHB Danny Bailey
|
0-0: Swinging Strike 0-1: Foul Ball, location: 2F 0-2: Ball 1-2: SINGLE (Line Drive, 4MD, EV 98.8 MPH) Bryan Alfaro to second
|
Batting: RHB Egidius Kruger
|
0-0: Called Strike 0-1: Ball 1-1: Fly out, F7 (Flyball, 78S, EV 84.4 MPH)
|
Top of the 9th over - 0 runs, 1 hit, 0 errors, 2 left on base; Northwest Arkansas 1 - Erie 11 |
|